Unix NetHack Version 5.0.0-0 post-release - last build Jul 19 2026 19:10:59 (3aa4ab31751d3886436d94b585a96704892fd477,branch:main).

Game began 2026-07-20 15:16:15, ended 2026-07-20 16:59:50.

KnightLite, lawful female human Archeologist

                        -----                           ----------------
        ---------       |...-##                         |......`.......|
        |.......|       |...| #######                   |...............
        |........#      |...|       #                   |..............|
        |.{.....|#      |...|       ##     ###          -------|--|-----
        -----|---#      |...|        #-------.-            #####  ##))#)#
         #####   #      |..>|       ##........-##         ##            ##
         #       ##     ---|-       # |.F.....| #        ##              #
        ##        ##       #          |.......| ###     #####            )
     ####          #       #          |...^...|   #  ---.---.--          @#
     #             ##      #           --------   ###|........|          -.-
    -.-----        ##      #                        #-........|          ..)
    |.....|         ##     #                         |........|
    |.(.{.-##################                        .........|
    |.....|           ##--.-----------               |.|......|
    -------            #|............|               |........|
                       #.........<..[|               ----------
                        |......+.....|
                        --------------

KnightLite the Investigator  St:15 Dx:12 Co:16 In:16 Wi:15 Ch:9  Lawful
Dlvl:11 $:0  HP:0(60) Pw:31(31) AC:2  Xp:8 T:7506 

Latest messages:
 You hit the bugbear.
 The bugbear thrusts her runed spear.
 The bugbear misses!
 You hit the bugbear.
 You kill the bugbear!
 Welcome to experience level 8.
 The Elvenqueen swings her mace.
 The Elvenqueen hits!
 The Elvenqueen swings her mace.
 The Elvenqueen hits again!
 You see here a crossbow.
 The Elvenqueen picks up a cursed runed spear.
 What do you want to zap?
 Never mind.
 Are you sure you want to pray? [yn] (n) y
 You begin praying to Quetzalcoatl.
 You are surrounded by a shimmering light.
 The Elvenqueen starts to attack you, but pulls back.
 The snake starts to attack you, but pulls back.
 The Elvenqueen starts to attack you, but pulls back.
 The snake starts to attack you, but pulls back.
 The Elvenqueen starts to attack you, but pulls back.
 You finish your prayer.
 You feel that Quetzalcoatl is well-pleased.
 You feel much better.
 You hit the snake.
 The snake bites!
 The Elvenqueen swings her mace.
 The Elvenqueen hits!
 The Elvenqueen swings her mace.
 The Elvenqueen hits again!
 You hear some noises.
 You hit the snake.
 The snake bites!
 The Elvenqueen swings her mace.
 The Elvenqueen hits!
 The Elvenqueen swings her mace.
 The Elvenqueen hits again!
 What do you want to write with?
 You engrave in the ground with a wand of digging.
 What do you want to engrave in the ground here? Elbereth
 Gravel flies up from the floor.
 The snake turns to flee.
 The Elvenqueen swings her mace.
 The Elvenqueen hits!
 The Elvenqueen swings her mace.
 The Elvenqueen hits again!
 You die...
 Do you want your possessions identified? [ynq] (y) y
 Do you want to see your attributes? [ynq] (y) q

Inventory:
 Weapons  (')')
  p - 10 +0 darts (at the ready)
  a - a +2 bullwhip (alternate weapon; not wielded)
 Armor    ('[')
  c - an uncursed +0 fedora (being worn)
  r - an uncursed +0 pair of water walking boots (being worn)
  I - an uncursed +0 cloak of invisibility (being worn)
  y - an uncursed +0 scale mail (being worn)
 Rings    ('=')
  L - an uncursed ring of fire resistance (on right hand)
  o - an uncursed ring of regeneration (on left hand)
 Wands    ('/')
  t - a wand of digging (0:2)
  j - a wand of secret door detection (0:11)
 Tools    ('(')
  Z - an uncursed bag of holding containing 26 items
  h - an empty uncursed sack
  T - an uncursed blindfold
  e - a +0 pick-axe (weapon in left hand)
  O - an uncursed skeleton key
  u - a +0 unicorn horn
 Gems/Stones  ('*')
  z - an uncursed citrine stone
  g - an uncursed touchstone

Contents of the bag of holding:
  1525 gold pieces
  an uncursed food ration
  an uncursed sprig of wolfsbane
  a blessed scroll of blank paper
  2 uncursed scrolls of blank paper
  3 uncursed scrolls of enchant weapon
  an uncursed scroll of fire
  an uncursed scroll of magic mapping
  2 uncursed scrolls of teleportation
  2 uncursed potions of confusion
  an uncursed potion of extra healing
  2 uncursed potions of fruit juice
  an uncursed potion of gain ability
  a cursed potion of monster detection
  2 uncursed potions of paralysis
  an uncursed potion of restore ability
  2 uncursed potions of see invisible
  an uncursed potion of sleeping
  2 uncursed potions of speed
  2 potions of unholy water
  a cursed -3 ring of protection
  an uncursed bell
  a cursed magic lamp
  a cursed magic lamp
  an uncursed mirror
  a tinning kit (0:99)

KnightLite the Archeologist's attributes:

Background:
 You were an Investigator, a level 8 female human Archeologist.
 You were lawful, on a mission for Quetzalcoatl
 who was opposed by Camaxtli (neutral) and Huhetotl (chaotic).
 You were left-handed.
 You were in the Dungeons of Doom, on level 11.
 You entered the dungeon 7506 turns ago.
 You had 1287 experience points, 1273 more were needed to attain level 9.

Basics:
 You had 0 out of 60 hit points.
 You had all 31 energy points (spell power).
 Your armor class was 2.
 Your wallet was empty, but
 you had 1525 zorkmids stashed away in your pack.
 Autopickup was on for '0' plus thrown, with exceptions.

Final Characteristics:
 Your strength was 15 (limit:18/100).
 Your dexterity was 12 (limit:18).
 Your constitution was 16 (limit:18).
 Your intelligence was 16 (limit:18).
 Your wisdom was 15 (limit:18).
 Your charisma was 9 (limit:18).

Final Status:
 You weren't hungry.
 You were unencumbered.
 You were wielding a pick-axe.
 You had expert skill with pick-axe.

Final Attributes:
 You were piously aligned.
 You were fire resistant.
 Your items were protected from fire.
 You were poison resistant.
 You had automatic searching.
 You were invisible.
 You were stealthy.
 You could walk on water.
 You regenerated.
 You had a small defense bonus (+2).
 You were warded.
 Your spell casting was impaired by metallic armor.
 You were lucky.
 You are dead.

Miscellaneous:
 You didn't encounter any bones levels.
 Total elapsed playing time was 1 hour, 43 minutes and 34 seconds.

Major events:
 Turn
    1: KnightLite the lawful female human Archeologist entered the dungeon
  883: attained the rank of Field Worker (level 3)
 1058: entered the Gnomish Mines
 2672: attained the rank of Investigator (level 6)
 2673: reached Mine Town
 5008: entered Sokoban
 7506: killed by an Elvenqueen

Spells:
 Name                 Level Category     Fail Retention
 detect food            2   divination   100%   51%-75%
 haste self             3   escape       100%  76%-100%
 confuse monster        1   enchantment   79%  76%-100%

Skills:
 Fighting Skills
   bare handed combat [Unskilled]
   two weapon combat  [Unskilled]
   riding             [Unskilled]
 Weapon Skills
   dagger             [Unskilled]
   knife              [Unskilled]
   pick-axe           [Expert]
   short sword        [Unskilled]
   saber              [Unskilled]
   club               [Unskilled]
   quarterstaff       [Unskilled]
   sling              [Unskilled]
   dart               [Unskilled]
   boomerang          [Unskilled]
   whip               [Basic]
   unicorn horn       [Unskilled]
 Spellcasting Skills
   attack spells      [Unskilled]
   healing spells     [Unskilled]
   divination spells  [Unskilled]
   matter spells      [Unskilled]

Voluntary challenges:
 Character rerolling was not enabled.
 You never genocided any monsters.
 You never polymorphed an object.
 You used no wishes.
 You did not violate any of the special Sokoban rules.
Achievements:
 You attained the rank of Field Worker.
 You entered the Gnomish Mines.
 You attained the rank of Investigator.
 You entered Minetown.
 You entered a temple.
 You entered a shop.
 You entered Sokoban.

 The Dungeons of Doom: levels 1 to 11
    Level 1:
    Level 2:
       A fountain.
    Level 3:
       A fountain.
       Stairs down to The Gnomish Mines.
    Level 4:
       A fountain, a grave.
    Level 5:
       A sink.
    Level 6:
       Many fountains.
    Level 7: "Two spellbooks locked box"
       A general store.
       Stairs up to Sokoban, level 6.
    Level 8:
       A fountain.
    Level 9:
    Level 10:
       Many fountains, a grave.
    Level 11: <- You were here.
       Some sinks, a grave.
       Final resting place for
          you, killed by an Elvenqueen.
 The Gnomish Mines: levels 4 to 6
    Level 4:
    Level 5:
    Level 6:
       Many shops, a temple and an altar, some fountains.
 Sokoban:
    Level 6:
       Unsolved.


Vanquished creatures:
  a baby purple worm
  2 small mimics
  a pyrolisk
  a large cat
  a tiger
  a gargoyle
  a giant beetle
  2 quivering blobs
  a black light
  2 vampire bats
  a lizard
  a housecat
  2 jaguars
  2 dwarf leaders
  a blue jelly
  a gray unicorn
  a dust vortex
  4 fire ants
  3 bugbears
  2 imps
  a quasit
  a wood nymph
 an Uruk-hai
  2 ponies
  2 fog clouds
  a shrieker
  4 gnome leaders
  4 gnomish wizards
  3 gray oozes
  a straw golem
  a paper golem
  2 kittens
  4 dwarves
  a kobold leader
  a kobold shaman
  4 rothes
  a giant bat
  a dwarf zombie
  a wererat
  2 iguanas
  3 killer bees
  2 acid blobs
  8 coyotes
  9 manes
  2 large kobolds
  2 hobgoblins
  a giant rat
  3 brown molds
  a yellow mold
 26 gnomes
  2 gnome zombies
  4 geckos
  5 jackals
  2 foxes
  2 kobolds
  a goblin
  6 grid bugs
  4 bats
  4 lichens
  a kobold zombie
  4 newts
161 creatures vanquished.

No species were genocided or became extinct.

Game over:
                       ----------
                      /          \
                     /    REST    \
                    /      IN      \
                   /     PEACE      \
                  /                  \
                  |    KnightLite    |
                  |     1525 Au      |
                  |   killed by an   |
                  |    Elvenqueen    |
                  |                  |
                  |                  |
                  |       2026       |
                 *|     *  *  *      | *
        _________)/\\_//(\/(/\)/\//\/|_)_______

Goodbye KnightLite the Archeologist...

You died in The Dungeons of Doom on dungeon level 11 with 7041 points,
and 1525 pieces of gold, after 7506 moves.
You were level 8 with a maximum of 60 hit points when you died.

